[ AOE2 MATCH · #507277462 ]
UnrankedChinese vs Maya
Player's team · WIN
Rival team · LOSS
[ REPLAY ANALYSIS · EXTRACTED FROM THE RECORDED GAME ]
Feudal
8:41
Castle
—
Imperial
—
| APM avg | 90.1 |
| APM peak | 141 |
| eAPM avg | 44.0 |
| Villagers / military | 40 / 14 |
Focus
⚔️ 65.4% · 🌾 34.6%
Skirmisher ×7 · Scout Cavalry ×7
Feudal
10:56
Castle
—
Imperial
—
| APM avg | 121.7 |
| APM peak | 186 |
| eAPM avg | 64.2 |
| Villagers / military | 40 / 11 |
Focus
⚔️ 68.1% · 🌾 31.9%
Archer ×6 · Militia ×4 · Spearman ×1
Match map
Initial resources + every placement click. Lines = walls · curves = elevation contours. ◆ gold · ⬟ stone · ● berries · ✦ relic · ◌ wall gap
Your base· Open — opponent sealed themselves in
DS_StonePleaseAoE's base· ✓ Closed at 12:00 · 44t walls · 1 gate(s)
Smoothed initial terrain · ◌ = detected wall gap · hover for details
Inputs per minute
— wR.Prisma - - DS_StonePleaseAoE
Build order — wR.Prisma
102 actions detected in the replay
| 0:02 | Research | Loom |
| 0:39 | Queue | Villager (Male) |
| 1:05 | Queue | Villager (Male) |
| 1:31 | Queue | Villager (Male) |
| 1:55 | Queue | Villager (Male) |
| 2:17 | Queue | Villager (Male) |
| 2:31 | Build | Lumber Camp |
| 2:42 | Queue | Villager (Male) |
| 3:04 | Queue | Villager (Male) |
| 3:13 | Queue | Villager (Male) |
| 3:30 | Build | House |
| 3:33 | Queue | Villager (Male) |
| 3:38 | Queue | Villager (Male) |
| 4:06 | Queue | Villager (Male) |
| 4:12 | Queue | Villager (Male) |
| 4:24 | Queue | Villager (Male) |
| 4:29 | Queue | Villager (Male) |
| 5:12 | Queue | Villager (Male) |
| 5:24 | Build | House |
| 5:26 | Build | Mill |
| 5:29 | Queue | Villager (Male) |
| 5:33 | Queue | Villager (Male) |
| 5:37 | Queue | Villager (Male) |
| 5:49 | Queue | Villager (Male) |
| 6:29 | Research | Feudal Age |
| 6:29 | Research | Feudal Age |
| 6:45 | Build | Lumber Camp |
| 7:07 | Queue | Villager (Male) |
| 7:40 | Build | Barracks |
| 7:53 | Queue | Villager (Male) |
| 8:03 | Build | Palisade Wall |
| 8:05 | Build | Palisade Wall |
| 8:06 | Build | Palisade Wall |
| 8:14 | Queue | Villager (Male) |
| 8:18 | Build | Palisade Wall |
| 8:19 | Build | Palisade Wall |
| 8:25 | Build | Palisade Wall |
| 8:28 | Queue | Villager (Male) |
| 8:41 | Age | Feudal Age |
| 8:43 | Research | Double-Bit Axe |
| 8:49 | Build | Stable |
| 8:50 | Queue | Villager (Male) |
| 9:04 | Queue | Villager (Male) |
| 9:06 | Build | Palisade Wall |
| 9:07 | Build | Palisade Wall |
| 9:08 | Build | Palisade Wall |
| 9:16 | Build | House |
| 9:29 | Queue | Villager (Male) |
| 9:35 | Research | Horse Collar |
| 9:36 | Queue | Scout Cavalry |
| 9:39 | Build | Palisade Wall |
| 9:40 | Build | Palisade Wall |
| 9:44 | Build | Palisade Wall |
| 9:48 | Queue | Scout Cavalry |
| 9:50 | Queue | Scout Cavalry |
| 10:08 | Queue | Villager (Male) |
| 10:10 | Build | Farm |
| 10:10 | Build | Farm |
| 10:18 | Queue | Scout Cavalry |
| 10:34 | Queue | Villager (Male) |
| 10:37 | Build | House |
| 10:53 | Queue | Villager (Male) |
| 11:20 | Queue | Villager (Male) |
| 11:24 | Queue | Scout Cavalry |
| 11:29 | Build | Farm |
| 11:36 | Build | Archery Range |
| 11:40 | Queue | Villager (Male) |
| 11:41 | Build | Farm |
| 11:47 | Build | Palisade Wall |
| 11:54 | Build | Farm |
| 12:07 | Queue | Villager (Male) |
| 12:10 | Build | Farm |
| 12:14 | Build | House |
| 12:16 | Queue | Villager (Male) |
| 12:40 | Build | Farm |
| 12:41 | Build | Farm |
| 12:45 | Build | House |
| 12:49 | Build | Farm |
| 12:50 | Queue | Skirmisher |
| 12:53 | Queue | Villager (Male) |
| 12:59 | Build | Farm |
| 13:11 | Queue | Skirmisher |
| 13:12 | Queue | Villager (Male) |
| 13:21 | Build | Farm |
| 13:26 | Queue | Skirmisher |
| 13:29 | Queue | Villager (Male) |
| 13:37 | Build | Farm |
| 13:45 | Queue | Skirmisher |
| 13:50 | Queue | Villager (Male) |
| 13:53 | Build | House |
| 13:55 | Queue | Villager (Male) |
| 13:57 | Build | House |
| 13:58 | Build | Farm |
| 14:06 | Queue | Scout Cavalry |
| 14:07 | Queue | Skirmisher |
| 14:10 | Build | Farm |
| 14:13 | Queue | Skirmisher |
| 14:23 | Build | Farm |
| 15:06 | Queue | Villager (Male) |
| 15:08 | Queue | Skirmisher |
| 15:13 | Queue | Scout Cavalry |
| 15:15 | Queue | Villager (Male) |
Build order — DS_StonePleaseAoE
104 actions detected in the replay
| 0:00 | Research | Loom |
| 0:00 | Research | Loom |
| 0:02 | Build | House |
| 0:04 | Build | House |
| 0:23 | Queue | Villager (Male) |
| 0:23 | Queue | Villager (Male) |
| 0:24 | Queue | Villager (Male) |
| 0:24 | Queue | Villager (Male) |
| 1:25 | Queue | Villager (Male) |
| 1:25 | Queue | Villager (Male) |
| 1:56 | Build | House |
| 2:00 | Queue | Villager (Male) |
| 2:00 | Queue | Villager (Male) |
| 2:14 | Build | Lumber Camp |
| 2:21 | Queue | Villager (Male) |
| 2:21 | Queue | Villager (Male) |
| 2:50 | Queue | Villager (Male) |
| 3:16 | Queue | Villager (Male) |
| 3:32 | Queue | Villager (Male) |
| 3:32 | Queue | Villager (Male) |
| 4:02 | Queue | Villager (Male) |
| 4:02 | Queue | Villager (Male) |
| 4:10 | Queue | Villager (Male) |
| 4:37 | Build | Barracks |
| 4:56 | Queue | Villager (Male) |
| 5:09 | Build | House |
| 5:12 | Build | House |
| 5:24 | Queue | Villager (Male) |
| 5:29 | Build | House |
| 5:30 | Queue | Militia |
| 5:30 | Queue | Militia |
| 5:41 | Queue | Villager (Male) |
| 5:59 | Build | House |
| 6:14 | Queue | Villager (Male) |
| 6:19 | Queue | Militia |
| 6:20 | Queue | Militia |
| 6:26 | Build | Mill |
| 6:35 | Build | Palisade Wall |
| 6:37 | Queue | Villager (Male) |
| 6:37 | Queue | Villager (Male) |
| 7:02 | Queue | Villager (Male) |
| 7:22 | Queue | Villager (Male) |
| 7:34 | Build | Palisade Wall |
| 7:38 | Build | Palisade Wall |
| 7:46 | Queue | Villager (Male) |
| 8:16 | Build | Palisade Wall |
| 8:28 | Build | Palisade Wall |
| 8:44 | Build | Palisade Wall |
| 8:46 | Research | Feudal Age |
| 8:46 | Research | Feudal Age |
| 8:48 | Build | Palisade Wall |
| 8:49 | Build | House |
| 8:54 | Build | Mining Camp |
| 9:22 | Build | Lumber Camp |
| 9:42 | Build | Palisade Wall |
| 10:09 | Build | Palisade Wall |
| 10:38 | Build | Palisade Wall |
| 10:39 | Build | House |
| 10:41 | Build | House |
| 10:47 | Queue | Villager (Male) |
| 10:53 | Build | Palisade Gate |
| 10:56 | Age | Feudal Age |
| 11:00 | Build | Archery Range |
| 11:07 | Queue | Spearman |
| 11:09 | Queue | Villager (Male) |
| 11:20 | Queue | Villager (Male) |
| 11:36 | Queue | Villager (Male) |
| 11:38 | Build | House |
| 11:42 | Research | Double-Bit Axe |
| 11:42 | Research | Double-Bit Axe |
| 11:43 | Queue | Archer |
| 11:43 | Queue | Archer |
| 11:57 | Build | Farm |
| 12:09 | Queue | Villager (Male) |
| 12:11 | Build | House |
| 12:14 | Queue | Archer |
| 12:38 | Queue | Villager (Male) |
| 12:41 | Build | Farm |
| 12:44 | Build | Farm |
| 13:02 | Build | Blacksmith |
| 13:10 | Research | Man-at-Arms (upgrade) |
| 13:11 | Queue | Archer |
| 13:18 | Build | House |
| 13:24 | Queue | Villager (Male) |
| 13:28 | Build | Farm |
| 13:47 | Build | House |
| 13:49 | Queue | Villager (Male) |
| 13:49 | Queue | Villager (Male) |
| 14:03 | Build | Palisade Wall |
| 14:07 | Queue | Archer |
| 14:10 | Research | Fletching |
| 14:10 | Research | Fletching |
| 14:11 | Build | House |
| 14:12 | Build | House |
| 14:21 | Queue | Villager (Male) |
| 14:21 | Queue | Villager (Male) |
| 14:23 | Build | House |
| 14:26 | Build | Farm |
| 14:39 | Queue | Archer |
| 14:51 | Queue | Villager (Male) |
| 15:03 | Queue | Villager (Male) |
| 15:09 | Queue | Villager (Male) |
| 15:11 | Build | Farm |
| 15:12 | Build | Farm |
Match timeline
| 4:37 | DS_StonePleaseAoE · first_building Barracks |
| 6:35 | DS_StonePleaseAoE · wall_segment Palisade Wall x3 |
| 7:34 | DS_StonePleaseAoE · wall_segment Palisade Wall x10 |
| 7:38 | DS_StonePleaseAoE · wall_segment Palisade Wall x6 |
| 7:40 | wR.Prisma · first_building Barracks |
| 8:03 | wR.Prisma · wall_segment Palisade Wall x1 |
| 8:05 | wR.Prisma · wall_segment Palisade Wall x1 |
| 8:06 | wR.Prisma · wall_segment Palisade Wall x1 |
| 8:16 | DS_StonePleaseAoE · wall_segment Palisade Wall x1 |
| 8:18 | wR.Prisma · wall_segment Palisade Wall x1 |
| 8:19 | wR.Prisma · wall_segment Palisade Wall x1 |
| 8:25 | wR.Prisma · wall_segment Palisade Wall x1 |
| 8:28 | DS_StonePleaseAoE · wall_segment Palisade Wall x19 |
| 8:41 | wR.Prisma · age_up feudal |
| 8:44 | DS_StonePleaseAoE · wall_segment Palisade Wall x4 |
| 8:48 | DS_StonePleaseAoE · wall_segment Palisade Wall x1 |
| 8:49 | wR.Prisma · first_building Stable |
| 9:06 | wR.Prisma · wall_segment Palisade Wall x1 |
| 9:07 | wR.Prisma · wall_segment Palisade Wall x1 |
| 9:08 | wR.Prisma · wall_segment Palisade Wall x1 |
| 9:39 | wR.Prisma · wall_segment Palisade Wall x1 |
| 9:40 | wR.Prisma · wall_segment Palisade Wall x1 |
| 9:42 | DS_StonePleaseAoE · wall_segment Palisade Wall x1 |
| 9:44 | wR.Prisma · wall_segment Palisade Wall x1 |
| 10:09 | DS_StonePleaseAoE · wall_segment Palisade Wall x3 |
| 10:38 | DS_StonePleaseAoE · wall_segment Palisade Wall x1 |
| 10:56 | DS_StonePleaseAoE · age_up feudal |
| 11:00 | DS_StonePleaseAoE · first_building Archery Range |
| 11:36 | wR.Prisma · first_building Archery Range |
| 11:47 | wR.Prisma · wall_segment Palisade Wall x1 |
| 14:03 | DS_StonePleaseAoE · wall_segment Palisade Wall x1 |
| 15:17 | DS_StonePleaseAoE · resign |
[ AI ANALYSIS · 1 CREDIT ]
What really happened in this match?
Wolo.gg analyzes every decision: build order, eco, micro, common mistakes by bracket. Personalized analysis on WhatsApp or Discord in 30 seconds.
Civ guide
Chinese
Perfil
Jugador #3176045